 Dungeon Crawl Stone Soup version 0.29-a0-362-g5854e031c7 (webtiles) character file.

Game seed: 14028988110897497137

1090 ptdevnull the Quickloader (level 8, -9/46 HPs)
             Began as a Kobold Hunter on Apr 29, 2022.
             Was an Initiate of Ashenzari.
             Mangled by Menkaure (11 damage)
             ... on level 6 of the Dungeon on Apr 30, 2022.
             The game lasted 00:11:54 (6170 turns).

ptdevnull the Quickloader (Kobold Hunter)           Turns: 6170, Time: 00:11:55

Health: -9/46      AC: 11    Str: 11    XL:     8   Next: 56%
Magic:  17/17      EV:  8    Int: 10    God:    Ashenzari [......]
Gold:   389        SH:  0    Dex: 20    Spells: 7/7 levels left

rFire   . . .      SeeInvis .   a - +1 hand crossbow
rCold   + . .      Faith    .   (no shield)
rNeg    + . .      Spirit   .   G - +1 chain mail {rN+}
rPois   +          Reflect  .   (no helmet)
rElec   .          Harm     .   s - +0 cloak
rCorr   .          Rampage  .   (no gloves)
Will    +....                   (no boots)
Stlth   ++........              q - amulet of Curses and Power {rC+ Regen+ MP+9 Str+2 Stlth+, Evo, Fort} (curse)
HPRegen 0.95/turn               f - ring of poison resistance
MPRegen 0.15/turn               k - ring of willpower

@: lethally poisoned (-9 -> -11)
A: small, no large weapons, nightstalker 3
a: Renounce Religion, Shatter the Chains


You were on level 6 of the Dungeon.
You worshipped Ashenzari.
Ashenzari was noncommittal.
You visited 2 branches of the dungeon, and saw 7 of its levels.

You collected 389 gold pieces.

Inventory:

Hand Weapons
 a - a +1 hand crossbow (weapon)
 e - a +1 whip of flaming
Armour
 b - a +0 leather armour
 s - a +0 cloak (worn)
 G - a +1 chain mail of positive energy (worn)
Magical Staves
 w - a staff of poison
Jewellery
 f - a ring of poison resistance (left hand)
 k - a ring of willpower (right hand)
 m - a ring of protection from fire
 q - the cursed amulet of Curses and Power (around neck) {rC+ Regen+ MP+9 Str+2 Stlth+, Evo, Fort}
   (You found it on level 2 of the Dungeon)

   [amulet of regeneration]

   Str:       It affects your strength (+2).
   rC:        It protects you from cold.
   MP:        It affects your magic capacity (+9).
   Regen:     It increases your rate of health regeneration.
   Stlth:     It makes you more stealthy.
   It has a curse which improves the following skills: Evocations: Evocations.
   Fortitude: Armour and Shields.
Wands
 E - a wand of digging (6)
 H - a wand of acid (11)
Scrolls
 c - 5 scrolls of immolation
 j - 7 scrolls of teleportation
 l - 2 scrolls of enchant weapon
 t - 4 scrolls of noise {unknown}
 y - a scroll of holy word {unknown}
 z - 3 scrolls of identify
 A - a scroll of amnesia {unknown}
 B - a scroll of vulnerability {unknown}
 C - 2 scrolls of fog {unknown}
 F - a scroll of summoning {unknown}
Potions
 d - 4 potions of curing
 g - 2 potions of attraction {unknown}
 h - a potion of might {unknown}
 i - 3 potions of haste {unknown}
 n - a potion of heal wounds {unknown}
 o - a potion of lignification {unknown}
 p - 2 potions of berserk rage
 r - 2 potions of ambrosia {unknown}
 u - a potion of resistance {unknown}
 v - a potion of mutation {unknown}
 x - a potion of cancellation {unknown}
 D - a potion of magic {unknown}


   Skills:
 + Level 3.4 Fighting
 - Level 10.8 Crossbows
 - Level 2.3(2.7) Armour
 + Level 4.2 Dodging
 + Level 4.1 Stealth
 + Level 2.1(2.4) Evocations


You had 7 spell levels left.
You didn't know any spells.
Your spell library contained the following spells:

 Spells                   Type           Power      Damage    Failure   Level
 Apportation              Tloc           0%         N/A       100%        1
 Summon Small Mammal      Summ           0%         N/A       100%        1
 Call Canine Familiar     Summ           0%         N/A       100%        3
 Ignite Poison            Fire/Tmut/Pois 0%         N/A       100%        3
 Mephitic Cloud           Conj/Pois/Air  0%         N/A       100%        3
 Summon Guardian Golem    Hex/Summ       0%         N/A       100%        3
 Alistair's Intoxication  Tmut/Pois      0%         N/A       100%        5
 Freezing Cloud           Conj/Ice/Air   0%         6-21      100%        5


Dungeon Overview and Level Annotations

Branches:
Dungeon (6/15)             Temple (1/1) D:5

Altars:
Ashenzari
Cheibriados
Dithmenos
Elyvilon
Fedhas
Gozag
Hepliaklqana
Kikubaaqudgha
Makhleb
Nemelex Xobeh
Okawaru
Qazlal
Ru
Sif Muna
Trog
Uskayaw
Vehumet
Wu Jian
Xom
Yredelemnul
Zin
The Shining One

Shops:
D:3 *

Annotations:
D:4 2 transporters, khangoldenlief's ghost, amateur DrBe
D:6 Menkaure


Innate Abilities, Weirdness & Mutations

You are small and have problems with some larger weapons.
You are completely attuned to the shadows.


Message History

Menkaure gestures at you while chanting.
Pain shoots through your body!
You shoot a bolt.
The bolt hits Menkaure but does no damage.
Menkaure is lightly damaged.
You shoot a bolt. The bolt hits Menkaure.
Menkaure is lightly damaged.
You shoot a bolt. The bolt hits Menkaure.
Menkaure is moderately damaged.
A scorpion comes into view.
Menkaure gestures at you while chanting.
You resist with some effort.
You shoot a bolt.
The bolt hits Menkaure but does no damage.
Menkaure is moderately damaged.
Menkaure casts a spell.
Menkaure seems to speed up.
You shoot a bolt. The bolt closely misses Menkaure.
The bolt hits the scorpion!
The scorpion is moderately wounded.
Menkaure casts a spell at you. You resist with some effort.
Menkaure barely misses you.
The scorpion stings you but does no damage.
You shoot a bolt. The bolt hits the scorpion!
The scorpion is almost dead.
Menkaure hits you! The scorpion stings you.
You are poisoned.
The scorpion poisons you! Menkaure hits you!
The scorpion stings you but does no damage.
You are too injured to fight recklessly!
You are too injured to fight recklessly!
You are too injured to fight recklessly!
Shoot: a) +1 hand crossbow
Press: ? - help, Q - select action, (/) - cycle Shift-Dir - straight line, f/p - scorpion
Aim: a scorpion (almost dead, 70% to hit)
You shoot a bolt. The bolt closely misses the scorpion.
You feel very sick. Menkaure hits you!
* * * LOW HITPOINT WARNING * * *
The scorpion completely misses you. Menkaure hits you!
You die...

.#########..........#####....#
.....#....#####........##.##.#
.†...#....# #..#####.#####.#
.....#....# #..#####.....#.#
.....'....# #............#.####
.....#....# #............#....#
.....#...## #............#.##.#
.....###.## #............####.#
##....#...# #.@..[..(....#....#
....#.#...#####sM..........#.####
....+....(........>#.......#.#
†...#.......####.............#
....###.###.# .##.###########
.#### #.# #.# #. .# .## #.# #..
.. . ..#####.# #... #.......#
#....


You could see Menkaure (fast) and a scorpion.

Vanquished Creatures
  An ice beast (D:6)
  An orc warrior (D:6)
  An ogre (D:6)
  A centaur (D:6)
  A phantom (D:5)
  A necrophage (D:6)
  2 scorpions (D:6)
  4 hounds
  A gnoll shaman (D:5)
  Crazy Yiuf (D:2)
  2 orc priests
  2 iguanas
  5 gnolls
  7 adders
  A white imp (D:4)
  3 worms
  4 dart slugs
  5 orcs
  4 ball pythons
  6 bats
  5 endoplasms
  2 giant cockroaches
  8 goblins
  8 hobgoblins
  2 jackals (D:1)
  6 kobolds
  2 quokkas
  A frilled lizard (D:3)
  2 rats
89 creatures vanquished.

Notes
Turn   | Place    | Note
-------+----------+-------------------------------------------
     0 | D:1      | ptdevnull the Kobold Hunter began the quest for the Orb.
     0 | D:1      | Reached XP level 1. HP: 12/12 MP: 1/1
    49 | D:1      | Reached XP level 2. HP: 17/17 MP: 2/2
   211 | D:1      | Reached skill level 6 in Crossbows
   437 | D:1      | Reached XP level 3. HP: 20/21 MP: 3/3
  1111 | D:2      | HP: 1/21 [poisoned by an adder]
  1586 | D:2      | Reached skill level 7 in Crossbows
  1652 | D:2      | Reached XP level 4. HP: 25/26 MP: 4/4
  1694 | D:2      | Identified the amulet of Xireit {rC+ Regen+ MP+9 Str+2
                  | Stlth+}
  1739 | D:2      | Found a runed translucent door.
  1742 | D:2      | Noticed Crazy Yiuf
  1755 | D:2      | Killed Crazy Yiuf
  2431 | D:2      | Reached XP level 5. HP: 30/30 MP: 5/5
  2445 | D:3      | Found Eraas's General Store.
  2687 | D:3      | Reached skill level 8 in Crossbows
  2847 | D:3      | Found a glowing silver altar of Zin.
  2853 | D:3      | Found a snail-covered altar of Cheibriados.
  2938 | D:3      | Found a faded altar of an unknown god.
  3288 | D:4      | Reached skill level 1 in Armour
  3392 | D:4      | Reached XP level 6. HP: 31/35 MP: 6/6
  3510 | D:4      | Reached skill level 9 in Crossbows
  3549 | D:4      | Found a transporter.
  3550 | D:4      | Noticed khangoldenlief's ghost (amateur DrBe)
  3552 | D:4      | Identified the +9 giant club of Doors {flame, Int+2 SInv}
  3552 | D:4      | Noticed an ogre
  3553 | D:4      | Found a transporter.
  4016 | D:5      | Entered Level 5 of the Dungeon
  4286 | D:5      | Found a staircase to the Ecumenical Temple.
  4292 | Temple   | Entered the Ecumenical Temple
  4730 | Temple   | Became a worshipper of Ashenzari the Shackled
  4776 | D:5      | Reached XP level 7. HP: 40/40 MP: 7/7
  5258 | D:5      | Reached skill level 10 in Crossbows
  5661 | D:6      | Noticed Menkaure
  5737 | D:6      | Reached XP level 8. HP: 39/45 MP: 8/8
  5772 | D:6      | Reached skill level 1 in Evocations
  6170 | D:6      | HP: 2/46 [Menkaure (13)]
  6170 | D:6      | Mangled by Menkaure

Illustrated notes

Levels and vault maps discovered:
D:1:      dpeg_arrival_ternary, layout_basic, chequers_serial_rivers_micro_e,
          st_stairs_1, minmay_misc_feat_iff
D:2:      layout_loops_corners, uniq_crazy_yiuf_cottage
D:3:      layout_loops_ring, minitemple, serial_shops, shop,
          hellmonk_ecumenical_altar_pennies_from_heaven
D:4:      layout_basic, gammafunk_ghost_smash
D:5:      layout_loops_ring, minmay_temple_entry_junction
D:6:      layout_basic, uniq_menkaure
Temple:   mainiacjoe_temple_cubbyholes

Skill      XL: |  1  2  3  4  5  6  7  8 |
---------------+-------------------------+-----
Crossbows      | 6 7 8 9 10 | 10.8
Armour         | 1 2 |  2.3
Dodging        | 3 4 |  4.2
Stealth        | 2 4 |  4.1
Fighting       | 3 |  3.4
Evocations     | 2 |  2.1

Action                   |  1- 3 |  4- 6 |  7- 9 || total
-------------------------+-------+-------+-------++-------
 Fire: Hand crossbow     |    79 |   133 |   138 ||   350
Invok: Curse Item        |       |       |     1 ||     1
  Use: Scroll            |       |     4 |       ||     4
Armor: Leather armour    |     9 |    20 |     5 ||    34
       Chain mail        |       |       |    35 ||    35
Dodge: Dodged            |    23 |    56 |    50 ||   129

Table legend: (Time is in decaauts)
 A = Elapsed time spent in this place.
 B = Non-inter-level travel time spent in this place.
 C = Inter-level travel time spent in this place.
 D = Time resting spent in this place.
 E = Time spent auto-exploring this place.
 F = Levels seen in this place.
 G = Mean time per level.
                   A        B        C        D        E       F      G
               +--------+--------+--------+--------+--------+-----+--------+
         Total |   6237 |   5978 |    259 |    540 |   4578 |   7 |  891.0 |
       Dungeon |   5775 |   5631 |    144 |    540 |   4253 |   6 |  962.5 |
        Temple |    462 |    347 |    115 |      0 |    325 |   1 |  462.0 |
               +--------+--------+--------+--------+--------+-----+--------+

Top non-repeatable levels by time:
     D:2: 1458 daAuts
     D:1: 980 daAuts
     D:5: 904 daAuts
     D:4: 902 daAuts
     D:3: 833 daAuts
     D:6: 696 daAuts
  Temple: 462 daAuts
